Jets vs Flyers
(R1)
Created - December 28, 2018 at 21:55
Goals
|
| Jets |
0 |
2 |
2 |
4 |
| Flyers |
3 |
2 |
2 |
7 |
|
Shots
|
| Jets |
16 |
7 |
9 |
32 |
| Flyers |
13 |
13 |
10 |
36 |
|
1st period
1. Flyers , J.T. Miller 15 (Kyle Wellwood 22, Oliver Ekman-Larsson 14) at 8:19
2. Flyers , Kyle Wellwood 6 (J.T. Miller 10, Mats Zuccarello 15) at 8:29 (PP)
3. Flyers , Jonathan Ericsson 3 (Jeff Woywitka 9) at 18:32 (SH)
Penalties :
Marco Scandella (Win) for Hooking (Minor) at 0:22, Dany Heatley (Phi) for Slashing (Minor) at 6:05, Derek Stepan (Win) for Hooking (Minor) at 8:22, Dany Heatley (Phi) for Hooking (Minor) at 10:06, Marcus Johansson (Win) for Tripping (Minor) at 13:49, J.T. Miller (Phi) for Delaying the game (Minor) at 17:02
2nd period
4. Jets , Derek Roy 8 (Marco Scandella 13, Tyler Myers 6) at 2:22
5. Flyers , Jeff Carter 14 (Jakub Voracek 24, Matt Smaby 6) at 8:15
6. Jets , Kevin Hayes 5 (Marco Scandella 14, Anton Volchenkov 3) at 15:55
7. Flyers , Jakub Voracek 15 (Drew Miller 17, Jeff Carter 26) at 16:01
Penalties :
Jeff Woywitka (Phi) for Hooking (Minor) at 2:29, Joe Colborne (Win) for Hooking (Minor) at 6:13, Devin Setoguchi (Win) for High sticking (Minor) at 12:57, Oliver Ekman-Larsson (Phi) for High sticking (Double Minor) at 17:30
3rd period
8. Flyers , J.T. Miller 16 (Mats Zuccarello 16, Kyle Wellwood 23) at 4:26 (PP)
9. Jets , Marco Scandella 6 (Devin Setoguchi 9, Benoit Pouliot 14) at 5:21 (PP)
10. Flyers , Jeff Woywitka 2 (Mats Zuccarello 17, Kyle Wellwood 24) at 7:44 (PP)
11. Jets , Benoit Pouliot 15 (Derek Stepan 21, Tyler Myers 7) at 14:57
Penalties :
Lee Stempniak (Win) for Cross-checking (Minor) at 3:16, Jeff Carter (Phi) for Holding (Minor) at 4:35, Joe Colborne (Win) for Interference (Minor) at 7:28, Kyle Wellwood (Phi) for Interference (Minor) at 8:15, Jacob Trouba (Win) for Cross-checking (Minor) at 18:31
Goalie Stats
Jonathan Bernier (Win), 6 saves from 7 shots - (0.857), 15:34 minutes
Kari Lehtonen (Win), 23 saves from 29 shots - (0.793), L, 8-7-0, 44:26 minutes
Cory Schneider (Phi), 28 saves from 32 shots - (0.875), W, 14-1-1, 60:00 minutes
Players Stats for Jets
Player Name G A P +/- PIM S H SB GA TA FO MP PP MP PK MP
------------------------------------------------------------------------------------
Anton Volchenkov 0 1 1 -1 0 2 2 1 0 0 0/0 14:15 0:00 6:41
Benoit Pouliot 1 1 2 -1 0 4 3 0 0 0 1/1 21:25 8:33 0:45
Brendan Smith 0 0 0 -1 0 2 2 2 1 0 0/0 22:25 5:20 4:42
Derek Roy 1 0 1 0 0 4 2 0 0 0 6/17 19:51 6:03 2:11
Derek Stepan 0 1 1 -1 2 2 2 0 1 0 14/34 20:08 8:33 0:00
Devin Setoguchi 0 1 1 -1 2 4 1 0 1 1 2/4 20:09 8:33 0:00
Eric Gelinas 0 0 0 -1 0 0 1 1 0 1 0/0 17:43 5:20 0:00
Erik Haula 0 0 0 0 0 0 0 0 1 0 3/8 11:56 0:04 6:28
Jacob Trouba 0 0 0 1 2 0 1 0 0 0 0/0 9:00 0:00 0:56
James Wright 0 0 0 0 0 0 0 0 0 0 3/3 6:05 0:04 0:00
Joe Colborne 0 0 0 -1 4 0 1 0 0 0 2/3 7:51 0:00 2:41
Kevin Hayes 1 0 1 -1 0 3 1 1 1 0 0/0 9:27 0:00 3:38
Lee Stempniak 0 0 0 1 2 0 0 0 0 0 0/0 11:08 0:04 0:00
Marco Scandella 1 2 3 0 2 4 0 0 1 0 0/0 29:39 9:20 5:19
Marcus Johansson 0 0 0 1 2 1 3 0 0 1 1/1 17:05 6:03 0:00
Nino Niederreiter 0 0 0 0 0 4 2 1 1 0 1/1 17:36 6:03 6:11
Ronalds Kenins 0 0 0 0 0 0 0 0 1 0 0/0 5:45 0:00 0:00
Tyler Myers 0 2 2 0 0 2 4 0 1 1 0/0 27:27 9:20 4:16
Players Stats for Flyers
Player Name G A P +/- PIM S H SB GA TA FO MP PP MP PK MP
------------------------------------------------------------------------------------
Brian McGrattan 0 0 0 0 0 0 1 0 0 0 0/0 4:09 0:03 0:00
Chris Mcallister 0 0 0 0 0 4 1 0 0 1 1/1 13:16 0:03 8:22
Cody Eakin 0 0 0 0 0 0 0 0 0 1 2/3 6:15 0:03 1:38
Dany Heatley 0 0 0 0 4 1 0 0 0 1 0/1 9:50 0:00 0:46
Drew Miller 0 1 1 2 0 0 0 0 0 1 0/0 17:22 5:32 0:00
J.T. Miller 2 1 3 0 2 2 1 1 1 1 0/0 20:53 5:22 5:54
Jakub Voracek 1 1 2 2 0 4 1 1 0 1 0/1 17:22 5:32 0:00
Jaromir Jagr 0 0 0 -2 0 1 0 0 0 0 0/0 8:28 0:00 0:00
Jeff Carter 1 1 2 2 2 4 2 0 0 0 20/35 24:25 5:32 6:33
Jeff Woywitka 1 1 2 -1 2 1 2 2 0 0 0/0 23:59 5:16 7:09
Jonathan Ericsson 1 0 1 1 0 4 1 0 0 1 0/0 23:02 5:16 7:15
Kyle Wellwood 1 3 4 0 2 4 3 2 1 0 12/25 21:01 5:22 5:53
Marcus Kruger 0 0 0 -1 0 2 0 1 0 1 3/5 9:04 0:00 0:14
Mats Zuccarello 0 3 3 -1 0 3 0 0 1 0 1/1 14:15 5:22 0:00
Matt Smaby 0 1 1 2 0 3 1 0 0 0 0/0 25:08 5:41 6:45
Nathan Beaulieu 0 0 0 -2 0 1 0 1 0 0 0/0 13:26 0:00 2:59
Oliver Ekman-Larsson 0 1 1 2 4 2 1 0 0 1 0/0 21:52 5:41 5:12
Victor Bartley 0 0 0 0 0 0 1 1 1 0 0/0 11:26 0:00 0:00
3 Stars
1 - Kyle Wellwood (Phi)
2 - J.T. Miller (Phi)
3 - Jakub Voracek (Phi)
Power Play
Jets - 1 on 8 Attempt(s) - 12.50%
Flyers - 3 on 8 Attempt(s) - 37.50%
Penalty Kill
Jets - 5 on 8 Attempt(s) - 62.50%
- Score 0 goal in Penalty Kill
Flyers - 7 on 8 Attempt(s) - 87.50%
- Score 1 goal in Penalty Kill
Team Stat
Jets - Hits : 25 - Faceoff Wins : 33 - Blocked Shots : 6 - Penalty Minutes : 16
Flyers - Hits : 15 - Faceoff Wins : 39 - Blocked Shots : 9 - Penalty Minutes : 16
Official
Referees : Unknown
Linesman : Unknown
Game Notes
Jonathan Bernier enters game at 4:26 of 3rd period
Finance
Level 1 -- Attendance: 3248 (54.13%) -- Ticket Income $406,000
Level 2 -- Attendance: 3254 (65.08%) -- Ticket Income $244,050
Level 3 -- Attendance: 1309 (65.45%) -- Ticket Income $65,450
Level 4 -- Attendance: 2257 (56.43%) -- Ticket Income $90,280
Luxury Box -- Attendance: 505 (50.50%) -- Ticket Income $126,250
Game was played at the Wells Fargo Center.
Total Attendance: 10573 (58.74%)
Total Ticket Income: $932,030
Other Income: $139,804
Total Income: $1,071,834
Jets
5 vs 5 Forward
Center Left Wing Right Wing Time % Phy DF OF
1 Derek Stepan Benoit Pouliot Devin Setoguchi 39 1 2 2
2 Derek Roy Marcus Johansson Lee Stempniak 30 1 2 2
3 Joe Colborne Erik Haula Nino Niederreiter 19 1 2 2
4 James Wright Ronalds Kenins Kevin Hayes 12 1 2 2
5 vs 5 Defense
Defense Defense Time % Phy DF OF
1 Marco Scandella Tyler Myers 40 2 2 1
2 Eric Gelinas Brendan Smith 30 2 2 1
3 Anton Volchenkov Jacob Trouba 20 1 3 1
4 Marco Scandella Jacob Trouba 10 1 2 2
PowerPlay Forward
Center Left Wing Right Wing Time % Phy DF OF
1 Derek Stepan Benoit Pouliot Devin Setoguchi 60 0 1 4
2 Derek Roy Marcus Johansson Nino Niederreiter 40 0 0 5
PowerPlay Defense
Defense Defense Time % Phy DF OF
1 Tyler Myers Marco Scandella 60 0 2 3
2 Brendan Smith Eric Gelinas 40 0 2 3
Penalty Kill 4 Players Forward
Center Wing Time % Phy DF OF
1 Erik Haula Nino Niederreiter 60 1 3 1
2 Joe Colborne Kevin Hayes 40 1 3 1
Penalty Kill 4 Players Defense
Defense Defense Time % Phy DF OF
1 Anton Volchenkov Marco Scandella 60 1 3 1
2 Tyler Myers Brendan Smith 40 1 3 1
Penalty Kill - 3 Players Forward
Forward Time % Phy DF OF
1 Erik Haula 60 1 2 2
2 Joe Colborne 40 1 2 2
Penalty Kill - 3 Players Defense
Defense Defense Time % Phy DF OF
1 Anton Volchenkov Tyler Myers 60 1 2 2
2 Marco Scandella Brendan Smith 40 1 2 2
4 vs 4 Forward
Center Wing Time % Phy DF OF
1 Derek Stepan Benoit Pouliot 60 1 2 2
2 Marcus Johansson Derek Roy 40 1 2 2
4 vs 4 Defense
Defense Defense Time % Phy DF OF
1 Brendan Smith Marco Scandella 60 1 2 2
2 Tyler Myers Eric Gelinas 40 1 2 2
Last Minutes Offensive
Center Left Wing Right Wing Defense Defense
Derek Roy Benoit Pouliot Devin Setoguchi Tyler Myers Marco Scandella
Last Minutes Defensive
Center Left Wing Right Wing Defense Defense
Derek Roy Erik Haula Nino Niederreiter Marco Scandella Tyler Myers
Goaltenders
Starting : Kari Lehtonen
Backup : Jonathan Bernier
Extra Forwards
Normal : Benoit Pouliot, Devin Setoguchi, Derek Roy - PP : Benoit Pouliot, Devin Setoguchi - PK : Derek Roy
Extra Defensemen
Normal : Brendan Smith, Anton Volchenkov, Marco Scandella - PP : Marco Scandella - PK : Anton Volchenkov, Marco Scandella
Penalty Shots
Benoit Pouliot, Devin Setoguchi, Erik Haula, Lee Stempniak, Derek Roy
Scratches
Corey Perry (Sprained Left Knee Injury), Fredrik Sjostrom (Healthy)
Flyers
5 vs 5 Forward
Center Left Wing Right Wing Time % Phy DF OF
1 Jeff Carter Drew Miller Jakub Voracek 40 0 1 4
2 Kyle Wellwood J.T. Miller Mats Zuccarello 30 0 1 4
3 Marcus Kruger Dany Heatley Jaromir Jagr 20 0 1 4
4 Cody Eakin Chris Mcallister Brian McGrattan 10 0 4 1
5 vs 5 Defense
Defense Defense Time % Phy DF OF
1 Oliver Ekman-Larsson Jonathan Ericsson 30 1 3 1
2 Jeff Woywitka Nathan Beaulieu 30 1 3 1
3 Victor Bartley Matt Smaby 30 1 3 1
4 Oliver Ekman-Larsson Jeff Woywitka 10 1 3 1
PowerPlay Forward
Center Left Wing Right Wing Time % Phy DF OF
1 Jeff Carter Drew Miller Jakub Voracek 50 0 1 4
2 Kyle Wellwood J.T. Miller Mats Zuccarello 50 0 1 4
PowerPlay Defense
Defense Defense Time % Phy DF OF
1 Oliver Ekman-Larsson Matt Smaby 50 0 2 3
2 Jonathan Ericsson Jeff Woywitka 50 0 2 3
Penalty Kill 4 Players Forward
Center Wing Time % Phy DF OF
1 Jeff Carter Chris Mcallister 50 0 4 1
2 Kyle Wellwood J.T. Miller 50 0 4 1
Penalty Kill 4 Players Defense
Defense Defense Time % Phy DF OF
1 Oliver Ekman-Larsson Matt Smaby 50 1 4 0
2 Jeff Woywitka Jonathan Ericsson 50 1 4 0
Penalty Kill - 3 Players Forward
Forward Time % Phy DF OF
1 Jeff Carter 50 0 4 1
2 Kyle Wellwood 50 0 4 1
Penalty Kill - 3 Players Defense
Defense Defense Time % Phy DF OF
1 Oliver Ekman-Larsson Matt Smaby 50 1 4 0
2 Jeff Woywitka Jonathan Ericsson 50 1 4 0
4 vs 4 Forward
Center Wing Time % Phy DF OF
1 Jeff Carter Jakub Voracek 50 0 2 3
2 Kyle Wellwood J.T. Miller 50 0 2 3
4 vs 4 Defense
Defense Defense Time % Phy DF OF
1 Oliver Ekman-Larsson Matt Smaby 50 1 3 1
2 Jeff Woywitka Jonathan Ericsson 50 1 3 1
Last Minutes Offensive
Center Left Wing Right Wing Defense Defense
Jeff Carter Drew Miller Jakub Voracek Oliver Ekman-Larsson Jeff Woywitka
Last Minutes Defensive
Center Left Wing Right Wing Defense Defense
Kyle Wellwood Chris Mcallister Brian McGrattan Oliver Ekman-Larsson Jeff Woywitka
Goaltenders
Starting : Cory Schneider
Backup : Steve Mason
Extra Forwards
Normal : Jeff Carter, Kyle Wellwood, Drew Miller - PP : Jeff Carter, Kyle Wellwood - PK : Chris Mcallister
Extra Defensemen
Normal : Oliver Ekman-Larsson, Jeff Woywitka, Jonathan Ericsson - PP : Oliver Ekman-Larsson - PK : Oliver Ekman-Larsson, Jeff Woywitka
Penalty Shots
Jeff Carter, Dany Heatley, Kyle Wellwood, Jaromir Jagr, J.T. Miller
Scratches
Matthew Lombardi (Torn Left Knee Ligaments Injury)
% Time on Ice - Jets
Lines # - Real PCT - Wanted PCT - Time Play
Normal Forward
1 - 36% - 39% - 12:23
2 - 32% - 30% - 11:07
3 - 15% - 19% - 5:08
4 - 17% - 12% - 5:45
Normal Defense
1 - 42% - 40% - 14:26
2 - 36% - 30% - 12:23
3 - 20% - 20% - 6:59
4 - 2% - 10% - 0:35
PP Forward
1 - 59% - 60% - 8:37
2 - 41% - 40% - 6:03
PP Defense
1 - 64% - 60% - 9:20
2 - 36% - 40% - 5:20
PK Forward
1 - 67% - 60% - 7:19
2 - 33% - 40% - 3:38
PK Defense
1 - 61% - 60% - 6:41
2 - 39% - 40% - 4:16
PK3 Forward
1 - 0% - 60%
2 - 0% - 40%
PK3 Defense
1 - 0% - 60%
2 - 0% - 40%
44 Forward
1 - 0% - 60%
2 - 0% - 40%
44 Defense
1 - 0% - 60%
2 - 0% - 40%
Last Minute Offensive - 0:00
Last Minute Defensive - 0:00
Total
Forward - 60:00
Defense - 60:00
|
% Time on Ice - Flyers
Lines # - Real PCT - Wanted PCT - Time Play
Normal Forward
1 - 38% - 40% - 12:55
2 - 28% - 30% - 9:33
3 - 25% - 20% - 8:28
4 - 10% - 10% - 3:27
Normal Defense
1 - 34% - 30% - 11:34
2 - 35% - 30% - 11:57
3 - 31% - 30% - 10:38
4 - 1% - 10% - 0:14
PP Forward
1 - 51% - 50% - 5:35
2 - 49% - 50% - 5:22
PP Defense
1 - 52% - 50% - 5:41
2 - 48% - 50% - 5:16
PK Forward
1 - 50% - 50% - 7:17
2 - 50% - 50% - 7:23
PK Defense
1 - 51% - 50% - 7:25
2 - 49% - 50% - 7:15
PK3 Forward
1 - 0% - 50%
2 - 0% - 50%
PK3 Defense
1 - 0% - 50%
2 - 0% - 50%
44 Forward
1 - 0% - 50%
2 - 0% - 50%
44 Defense
1 - 0% - 50%
2 - 0% - 50%
Last Minute Offensive - 0:00
Last Minute Defensive - 0:00
Total
Forward - 60:00
Defense - 60:00
|
Play by Play
1st period
0:01 of 1st period - Jeff Carter wins face-off versus Derek Stepan in neutral zone.
0:22 of 1st period - Minor Penalty to Marco Scandella for Hooking.
0:23 of 1st period - Erik Haula wins face-off versus Jeff Carter in Jets zone.
0:55 of 1st period - Tyler Myers is hit by Oliver Ekman-Larsson and loses puck.
2:22 of 1st period - Penalty to Marco Scandella is over, Marco Scandella is back on ice.
2:36 of 1st period - Slapshot by Marcus Kruger.
2:36 of 1st period - Stopped by Kari Lehtonen with a rebound.
2:52 of 1st period - Snap shot by Chris Mcallister.
2:52 of 1st period - Stopped by Kari Lehtonen without a rebound.
2:53 of 1st period - James Wright wins face-off versus Cody Eakin in Jets zone.
3:26 of 1st period - Drew Miller is hit by Nino Niederreiter and loses puck.
3:48 of 1st period - Off-side.
3:49 of 1st period - Derek Roy wins face-off versus Kyle Wellwood in neutral zone.
3:53 of 1st period - Off-side.
3:54 of 1st period - Derek Roy wins face-off versus Kyle Wellwood in neutral zone.
4:30 of 1st period - Slapshot by Jakub Voracek.
4:30 of 1st period - Stopped by Kari Lehtonen with a rebound.
4:42 of 1st period - Snap shot by Nino Niederreiter.
4:42 of 1st period - Stopped by Cory Schneider without a rebound.
4:43 of 1st period - Joe Colborne wins face-off versus Marcus Kruger in Flyers zone.
5:10 of 1st period - Slapshot by Nino Niederreiter.
5:10 of 1st period - Stopped by Cory Schneider without a rebound.
5:11 of 1st period - Jeff Carter wins face-off versus Derek Roy in Flyers zone.
5:11 of 1st period - Jeff Carter is hit by Derek Roy.
5:47 of 1st period - Brendan Smith is hit by Matt Smaby.
5:51 of 1st period - Slapshot by Mats Zuccarello.
5:51 of 1st period - Shot Misses the Net.
5:58 of 1st period - Icing by Brendan Smith.
5:59 of 1st period - James Wright wins face-off versus Dany Heatley in Jets zone.
6:05 of 1st period - Minor Penalty to Dany Heatley for Slashing.
6:06 of 1st period - Derek Stepan wins face-off versus Jeff Carter in Flyers zone.
6:09 of 1st period - Wrist shot by Derek Stepan.
6:09 of 1st period - Shot Misses the Net.
7:16 of 1st period - Icing by Eric Gelinas.
7:17 of 1st period - Kyle Wellwood wins face-off versus Derek Stepan in Jets zone.
7:43 of 1st period - Wrist shot by Nino Niederreiter.
7:43 of 1st period - Stopped by Cory Schneider with a rebound.
8:05 of 1st period - Penalty to Dany Heatley is over, Dany Heatley is back on ice.
8:19 of 1st period - Wrist shot by Kyle Wellwood.
8:19 of 1st period - Deflect By J.T. Miller.
8:19 of 1st period - Goal by J.T. Miller - Jets : 0 - Flyers : 1.
8:20 of 1st period - Derek Stepan wins face-off versus Jeff Carter in neutral zone.
8:22 of 1st period - Minor Penalty to Derek Stepan for Hooking.
8:23 of 1st period - Kyle Wellwood wins face-off versus Erik Haula in Jets zone.
8:29 of 1st period - Snap shot by Kyle Wellwood.
8:29 of 1st period - Goal by Kyle Wellwood - Jets : 0 - Flyers : 2.
8:30 of 1st period - Jeff Carter wins face-off versus Derek Stepan in neutral zone.
8:33 of 1st period - Slapshot by Jeff Carter.
8:33 of 1st period - Stopped by Kari Lehtonen with a rebound.
8:35 of 1st period - Wrist shot by Jeff Carter.
8:35 of 1st period - Shot Misses the Net.
8:55 of 1st period - Jeff Carter is hit by Tyler Myers and loses puck.
9:08 of 1st period - Wrist shot by Benoit Pouliot.
9:08 of 1st period - Stopped by Cory Schneider with a rebound.
9:23 of 1st period - Off-side.
9:24 of 1st period - Derek Roy wins face-off versus Kyle Wellwood in neutral zone.
9:29 of 1st period - Icing by Mats Zuccarello.
9:30 of 1st period - Kyle Wellwood wins face-off versus Derek Roy in Flyers zone.
10:06 of 1st period - Minor Penalty to Dany Heatley for Hooking.
10:07 of 1st period - Kyle Wellwood wins face-off versus Derek Stepan in Flyers zone.
10:15 of 1st period - Snap shot by Benoit Pouliot.
10:15 of 1st period - Shot Misses the Net.
10:23 of 1st period - Slapshot by Derek Stepan.
10:23 of 1st period - Stopped by Cory Schneider with a rebound.
10:33 of 1st period - Marco Scandella is hit by J.T. Miller and loses puck.
10:42 of 1st period - Matt Smaby is hit by Marcus Johansson.
10:58 of 1st period - Derek Roy is hit by Chris Mcallister and loses puck.
11:17 of 1st period - Derek Stepan is hit by Jeff Woywitka and loses puck.
11:21 of 1st period - Icing by Derek Stepan.
11:22 of 1st period - Derek Stepan wins face-off versus Jeff Carter in Jets zone.
11:39 of 1st period - Tyler Myers is hit by Kyle Wellwood and loses puck.
12:06 of 1st period - Penalty to Dany Heatley is over, Dany Heatley is back on ice.
12:48 of 1st period - Marcus Johansson is hit by Kyle Wellwood and loses puck.
13:11 of 1st period - Wrist shot by Jakub Voracek.
13:11 of 1st period - Deflect By Drew Miller.
13:11 of 1st period - Shot Misses the Net.
13:11 of 1st period - Puck is out of play.
13:12 of 1st period - Derek Stepan wins face-off versus Kyle Wellwood in Jets zone.
13:21 of 1st period - Snap shot by Benoit Pouliot.
13:21 of 1st period - Stopped by Cory Schneider with a rebound.
13:23 of 1st period - Wrist shot by Devin Setoguchi.
13:23 of 1st period - Stopped by Cory Schneider without a rebound.
13:24 of 1st period - Jeff Carter wins face-off versus Derek Stepan in Flyers zone.
13:40 of 1st period - Wrist shot by Marco Scandella.
13:40 of 1st period - Stopped by Cory Schneider with a rebound.
13:49 of 1st period - Minor Penalty to Marcus Johansson for Tripping.
13:50 of 1st period - Jeff Carter wins face-off versus Erik Haula in Jets zone.
13:54 of 1st period - Snap shot by Drew Miller.
13:54 of 1st period - Deflect By Jakub Voracek.
13:54 of 1st period - Stopped by Kari Lehtonen with a rebound.
13:56 of 1st period - Snap shot by Jakub Voracek.
13:56 of 1st period - Shot Blocked by Nino Niederreiter.
13:58 of 1st period - Slapshot by Jonathan Ericsson.
13:58 of 1st period - Stopped by Kari Lehtonen with a rebound.
14:25 of 1st period - Wrist shot by Erik Haula.
14:25 of 1st period - Shot Blocked by Jeff Woywitka.
14:27 of 1st period - Wrist shot by Marco Scandella.
14:27 of 1st period - Shot Blocked by Kyle Wellwood.
14:35 of 1st period - Snap shot by Nino Niederreiter.
14:35 of 1st period - Stopped by Cory Schneider with a rebound.
14:37 of 1st period - Slapshot by Anton Volchenkov.
14:37 of 1st period - Deflect By Jeff Woywitka.
14:37 of 1st period - Stopped by Cory Schneider with a rebound.
14:53 of 1st period - Snap shot by Kyle Wellwood.
14:53 of 1st period - Stopped by Kari Lehtonen without a rebound.
14:54 of 1st period - Joe Colborne wins face-off versus Jeff Carter in Jets zone.
14:54 of 1st period - Joe Colborne is hit by Jeff Carter.
15:42 of 1st period - Snap shot by Derek Roy.
15:42 of 1st period - Shot Blocked by Jeff Woywitka.
15:49 of 1st period - Penalty to Marcus Johansson is over, Marcus Johansson is back on ice.
15:58 of 1st period - Jeff Woywitka is hit by Devin Setoguchi and loses puck.
16:13 of 1st period - Lee Stempniak is hit by Jonathan Ericsson and loses puck.
16:20 of 1st period - Snap shot by Chris Mcallister.
16:20 of 1st period - Stopped by Kari Lehtonen without a rebound.
16:21 of 1st period - Derek Stepan wins face-off versus Jeff Carter in Jets zone.
16:54 of 1st period - Backhand shot by Derek Roy.
16:54 of 1st period - Stopped by Cory Schneider without a rebound.
16:55 of 1st period - Derek Roy wins face-off versus Kyle Wellwood in Flyers zone.
17:00 of 1st period - Snap shot by Marcus Johansson.
17:00 of 1st period - Shot Misses the Net.
17:02 of 1st period - Minor Penalty to J.T. Miller for Delaying the game.
17:03 of 1st period - Derek Stepan wins face-off versus Kyle Wellwood in Flyers zone.
17:14 of 1st period - Snap shot by Derek Stepan.
17:14 of 1st period - Shot Misses the Net.
17:34 of 1st period - Snap shot by Tyler Myers.
17:34 of 1st period - Stopped by Cory Schneider without a rebound.
17:35 of 1st period - Kyle Wellwood wins face-off versus Derek Stepan in Flyers zone.
17:59 of 1st period - Jeff Woywitka is hit by Marcus Johansson and loses puck.
18:32 of 1st period - Slapshot by Jonathan Ericsson.
18:32 of 1st period - Goal by Jonathan Ericsson - Jets : 0 - Flyers : 3.
18:33 of 1st period - Kyle Wellwood wins face-off versus Derek Stepan in neutral zone.
18:38 of 1st period - Snap shot by Kyle Wellwood.
18:38 of 1st period - Shot Misses the Net.
18:40 of 1st period - Snap shot by Dany Heatley.
18:40 of 1st period - Stopped by Kari Lehtonen with a rebound.
18:42 of 1st period - Slapshot by Matt Smaby.
18:42 of 1st period - Stopped by Kari Lehtonen without a rebound.
18:43 of 1st period - Devin Setoguchi wins face-off versus Kyle Wellwood in Jets zone.
19:02 of 1st period - Penalty to J.T. Miller is over, J.T. Miller is back on ice.
19:23 of 1st period - Slapshot by Derek Stepan.
19:23 of 1st period - Stopped by Cory Schneider with a rebound.
19:25 of 1st period - Wrist shot by Marco Scandella.
19:25 of 1st period - Stopped by Cory Schneider without a rebound.
19:26 of 1st period - Marcus Kruger wins face-off versus Derek Roy in Flyers zone.
19:40 of 1st period - Backhand shot by Derek Roy.
19:40 of 1st period - Stopped by Cory Schneider with a rebound.
19:42 of 1st period - Snap shot by Brendan Smith.
19:42 of 1st period - Stopped by Cory Schneider with a rebound.
19:52 of 1st period - Joe Colborne is hit by Jeff Woywitka and loses puck.
Goals for this period are 0 for Jets vs 3 for Flyers.
Shots for this period are 16 for Jets vs 13 for Flyers.
2nd period
0:01 of 2nd period - Jeff Carter wins face-off versus Derek Stepan in neutral zone.
0:29 of 2nd period - Off-side.
0:30 of 2nd period - Kyle Wellwood wins face-off versus Derek Roy in neutral zone.
0:48 of 2nd period - Snap shot by Kyle Wellwood.
0:48 of 2nd period - Stopped by Kari Lehtonen without a rebound.
0:49 of 2nd period - Derek Stepan wins face-off versus Jeff Carter in Jets zone.
1:13 of 2nd period - Icing by Jonathan Ericsson.
1:14 of 2nd period - Jeff Carter wins face-off versus Derek Roy in Flyers zone.
1:31 of 2nd period - Wrist shot by Marcus Johansson.
1:31 of 2nd period - Shot Blocked by J.T. Miller.
2:22 of 2nd period - Slapshot by Derek Roy.
2:22 of 2nd period - Goal by Derek Roy - Jets : 1 - Flyers : 3.
2:23 of 2nd period - Derek Stepan wins face-off versus Jeff Carter in neutral zone.
2:26 of 2nd period - Slapshot by Devin Setoguchi.
2:26 of 2nd period - Stopped by Cory Schneider without a rebound.
2:27 of 2nd period - Jeff Carter wins face-off versus Devin Setoguchi in Flyers zone.
2:29 of 2nd period - Minor Penalty to Jeff Woywitka for Hooking.
2:30 of 2nd period - Derek Stepan wins face-off versus Kyle Wellwood in Flyers zone.
3:00 of 2nd period - Jeff Carter is hit by Derek Roy and loses puck.
3:33 of 2nd period - Benoit Pouliot is hit by Jeff Carter and loses puck.
3:37 of 2nd period - Icing by Derek Stepan.
3:38 of 2nd period - Jeff Carter wins face-off versus Derek Stepan in Jets zone.
4:29 of 2nd period - Penalty to Jeff Woywitka is over, Jeff Woywitka is back on ice.
4:43 of 2nd period - Icing by James Wright.
4:44 of 2nd period - James Wright wins face-off versus Marcus Kruger in Jets zone.
4:51 of 2nd period - Snap shot by Marco Scandella.
4:51 of 2nd period - Stopped by Cory Schneider without a rebound.
4:52 of 2nd period - Marcus Kruger wins face-off versus Derek Stepan in Flyers zone.
5:25 of 2nd period - Snap shot by Marcus Kruger.
5:25 of 2nd period - Stopped by Kari Lehtonen with a rebound.
5:35 of 2nd period - Wrist shot by Jaromir Jagr.
5:35 of 2nd period - Stopped by Kari Lehtonen without a rebound.
5:36 of 2nd period - Jeff Carter wins face-off versus Derek Stepan in Jets zone.
5:54 of 2nd period - Icing by Nathan Beaulieu.
5:55 of 2nd period - Nino Niederreiter wins face-off versus Jeff Carter in Flyers zone.
6:13 of 2nd period - Minor Penalty to Joe Colborne for Hooking.
6:14 of 2nd period - Jeff Carter wins face-off versus Erik Haula in Jets zone.
6:46 of 2nd period - Snap shot by Oliver Ekman-Larsson.
6:46 of 2nd period - Stopped by Kari Lehtonen without a rebound.
6:47 of 2nd period - Mats Zuccarello wins face-off versus Derek Roy in Jets zone.
7:27 of 2nd period - Icing by Drew Miller.
7:28 of 2nd period - Derek Roy wins face-off versus Jeff Carter in Flyers zone.
7:29 of 2nd period - Wrist shot by Kevin Hayes.
7:29 of 2nd period - Stopped by Cory Schneider with a rebound.
8:05 of 2nd period - Slapshot by Jakub Voracek.
8:05 of 2nd period - Stopped by Kari Lehtonen with a rebound.
8:07 of 2nd period - Wrist shot by Drew Miller.
8:07 of 2nd period - Shot Blocked by Kevin Hayes.
8:09 of 2nd period - Slapshot by Matt Smaby.
8:09 of 2nd period - Stopped by Kari Lehtonen with a rebound.
8:11 of 2nd period - Snap shot by Jakub Voracek.
8:11 of 2nd period - Shot Misses the Net.
8:13 of 2nd period - Penalty to Joe Colborne is over, Joe Colborne is back on ice.
8:13 of 2nd period - Snap shot by Jeff Carter.
8:13 of 2nd period - Stopped by Kari Lehtonen with a rebound.
8:15 of 2nd period - Snap shot by Jeff Carter.
8:15 of 2nd period - Deflect By Marco Scandella.
8:15 of 2nd period - Goal by Jeff Carter - Jets : 1 - Flyers : 4.
8:16 of 2nd period - Kyle Wellwood wins face-off versus Derek Stepan in neutral zone.
8:31 of 2nd period - Slapshot by Devin Setoguchi.
8:31 of 2nd period - Shot Blocked by Nathan Beaulieu.
8:33 of 2nd period - Slapshot by Eric Gelinas.
8:33 of 2nd period - Shot Misses the Net.
9:10 of 2nd period - Dany Heatley is hit by Tyler Myers and loses puck.
9:29 of 2nd period - Snap shot by Jakub Voracek.
9:29 of 2nd period - Shot Hit the Post.
9:45 of 2nd period - Slapshot by Anton Volchenkov.
9:45 of 2nd period - Stopped by Cory Schneider without a rebound.
9:46 of 2nd period - Derek Stepan wins face-off versus Kyle Wellwood in Flyers zone.
10:03 of 2nd period - Wrist shot by Kyle Wellwood.
10:03 of 2nd period - Deflect By Mats Zuccarello.
10:03 of 2nd period - Stopped by Kari Lehtonen with a rebound.
10:05 of 2nd period - Slapshot by Oliver Ekman-Larsson.
10:05 of 2nd period - Shot Misses the Net.
10:07 of 2nd period - Slapshot by Jonathan Ericsson.
10:07 of 2nd period - Stopped by Kari Lehtonen without a rebound.
10:08 of 2nd period - Jeff Carter wins face-off versus Derek Roy in Jets zone.
10:35 of 2nd period - Matt Smaby is hit by Benoit Pouliot and loses puck.
11:49 of 2nd period - Ronalds Kenins is hit by Jakub Voracek and loses puck.
12:12 of 2nd period - Kyle Wellwood is hit by Derek Stepan.
12:24 of 2nd period - Wrist shot by Benoit Pouliot.
12:24 of 2nd period - Deflect By Derek Stepan.
12:24 of 2nd period - Shot Blocked by Victor Bartley.
12:24 of 2nd period - Puck is out of play.
12:25 of 2nd period - Jeff Carter wins face-off versus Derek Roy in Flyers zone.
12:57 of 2nd period - Minor Penalty to Devin Setoguchi for High sticking.
12:58 of 2nd period - Erik Haula wins face-off versus Kyle Wellwood in Jets zone.
14:02 of 2nd period - Jonathan Ericsson is hit by Joe Colborne and loses puck.
14:30 of 2nd period - Jeff Carter is hit by Tyler Myers and loses puck.
14:47 of 2nd period - Oliver Ekman-Larsson is hit by Anton Volchenkov and loses puck.
14:57 of 2nd period - Penalty to Devin Setoguchi is over, Devin Setoguchi is back on ice.
15:06 of 2nd period - Slapshot by Chris Mcallister.
15:06 of 2nd period - Shot Misses the Net.
15:10 of 2nd period - Snap shot by Chris Mcallister.
15:10 of 2nd period - Stopped by Kari Lehtonen with a rebound.
15:20 of 2nd period - Marcus Kruger is hit by Benoit Pouliot and loses puck.
15:51 of 2nd period - Slapshot by Marco Scandella.
15:51 of 2nd period - Shot Blocked by Marcus Kruger.
15:53 of 2nd period - Slapshot by Kevin Hayes.
15:53 of 2nd period - Stopped by Cory Schneider with a rebound.
15:55 of 2nd period - Snap shot by Kevin Hayes.
15:55 of 2nd period - Goal by Kevin Hayes - Jets : 2 - Flyers : 4.
15:56 of 2nd period - Jeff Carter wins face-off versus Derek Stepan in neutral zone.
16:01 of 2nd period - Slapshot by Jakub Voracek.
16:01 of 2nd period - Goal by Jakub Voracek - Jets : 2 - Flyers : 5.
16:02 of 2nd period - Jeff Carter wins face-off versus Derek Stepan in neutral zone.
16:55 of 2nd period - Victor Bartley is hit by Brendan Smith and loses puck.
17:19 of 2nd period - Slapshot by Matt Smaby.
17:19 of 2nd period - Stopped by Kari Lehtonen with a rebound.
17:21 of 2nd period - Wrist shot by Brian McGrattan.
17:21 of 2nd period - Shot Blocked by Anton Volchenkov.
17:30 of 2nd period - Double Minor Penalty to Oliver Ekman-Larsson for High sticking.
17:31 of 2nd period - Benoit Pouliot wins face-off versus Jeff Carter in Flyers zone.
18:50 of 2nd period - Icing by Marcus Johansson.
18:51 of 2nd period - Kyle Wellwood wins face-off versus Derek Roy in Jets zone.
19:37 of 2nd period - Jeff Carter is hit by Nino Niederreiter and loses puck.
Goals for this period are 2 for Jets vs 2 for Flyers.
Shots for this period are 7 for Jets vs 13 for Flyers.
3rd period
0:01 of 3rd period - Derek Stepan wins face-off versus Kyle Wellwood in neutral zone.
0:16 of 3rd period - Snap shot by Benoit Pouliot.
0:16 of 3rd period - Shot Misses the Net.
1:30 of 3rd period - Penalty to Oliver Ekman-Larsson is over, Oliver Ekman-Larsson is back on ice.
2:05 of 3rd period - Kevin Hayes is hit by Brian McGrattan and loses puck.
2:26 of 3rd period - Drew Miller is hit by Brendan Smith and loses puck.
2:59 of 3rd period - Wrist shot by Marcus Johansson.
2:59 of 3rd period - Stopped by Cory Schneider without a rebound.
3:00 of 3rd period - Cody Eakin wins face-off versus Derek Stepan in Flyers zone.
3:05 of 3rd period - Wrist shot by Chris Mcallister.
3:05 of 3rd period - Shot Misses the Net.
3:07 of 3rd period - Snap shot by Cody Eakin.
3:07 of 3rd period - Shot Misses the Net.
3:09 of 3rd period - Slapshot by Oliver Ekman-Larsson.
3:09 of 3rd period - Stopped by Kari Lehtonen with a rebound.
3:11 of 3rd period - Slapshot by Chris Mcallister.
3:11 of 3rd period - Stopped by Kari Lehtonen without a rebound.
3:12 of 3rd period - Jeff Carter wins face-off versus Derek Roy in Jets zone.
3:16 of 3rd period - Minor Penalty to Lee Stempniak for Cross-checking.
3:17 of 3rd period - Erik Haula wins face-off versus Kyle Wellwood in Jets zone.
3:48 of 3rd period - Off-side.
3:49 of 3rd period - Jeff Carter wins face-off versus Joe Colborne in neutral zone.
4:26 of 3rd period - Slapshot by J.T. Miller.
4:26 of 3rd period - Goal by J.T. Miller - Jets : 2 - Flyers : 6.
4:26 of 3rd period - Jonathan Bernier enters game.
4:27 of 3rd period - Derek Stepan wins face-off versus Jakub Voracek in neutral zone.
4:35 of 3rd period - Minor Penalty to Jeff Carter for Holding.
4:36 of 3rd period - Kyle Wellwood wins face-off versus Derek Stepan in Flyers zone.
4:45 of 3rd period - Off-side.
4:46 of 3rd period - Cody Eakin wins face-off versus Derek Stepan in neutral zone.
5:19 of 3rd period - Slapshot by Devin Setoguchi.
5:19 of 3rd period - Stopped by Cory Schneider with a rebound.
5:21 of 3rd period - Snap shot by Marco Scandella.
5:21 of 3rd period - Goal by Marco Scandella - Jets : 3 - Flyers : 6.
5:22 of 3rd period - Marcus Johansson wins face-off versus Jeff Carter in neutral zone.
5:36 of 3rd period - Wrist shot by Jeff Carter.
5:36 of 3rd period - Stopped by Jonathan Bernier with a rebound.
5:38 of 3rd period - Snap shot by Drew Miller.
5:38 of 3rd period - Shot Misses the Net.
6:22 of 3rd period - Snap shot by Marcus Johansson.
6:22 of 3rd period - Deflect By Derek Roy.
6:22 of 3rd period - Stopped by Cory Schneider without a rebound.
6:23 of 3rd period - Jeff Carter wins face-off versus Derek Stepan in Flyers zone.
6:23 of 3rd period - Jeff Carter is hit by Benoit Pouliot.
6:37 of 3rd period - Snap shot by Jakub Voracek.
6:37 of 3rd period - Shot Blocked by Brendan Smith.
7:28 of 3rd period - Minor Penalty to Joe Colborne for Interference.
7:29 of 3rd period - Kyle Wellwood wins face-off versus Erik Haula in Jets zone.
7:44 of 3rd period - Slapshot by Jeff Woywitka.
7:44 of 3rd period - Goal by Jeff Woywitka - Jets : 3 - Flyers : 7.
7:45 of 3rd period - Derek Stepan wins face-off versus Jeff Carter in neutral zone.
8:00 of 3rd period - Slapshot by Tyler Myers.
8:00 of 3rd period - Shot Blocked by Jakub Voracek.
8:02 of 3rd period - Slapshot by Tyler Myers.
8:02 of 3rd period - Stopped by Cory Schneider without a rebound.
8:03 of 3rd period - Derek Roy wins face-off versus Kyle Wellwood in Flyers zone.
8:06 of 3rd period - Snap shot by Lee Stempniak.
8:06 of 3rd period - Shot Blocked by Kyle Wellwood.
8:15 of 3rd period - Minor Penalty to Kyle Wellwood for Interference.
8:16 of 3rd period - Chris Mcallister wins face-off versus Derek Stepan in Flyers zone.
10:15 of 3rd period - Penalty to Kyle Wellwood is over, Kyle Wellwood is back on ice.
10:51 of 3rd period - Jakub Voracek is hit by Anton Volchenkov and loses puck.
12:00 of 3rd period - J.T. Miller is hit by Jacob Trouba and loses puck.
12:40 of 3rd period - Drew Miller is hit by Marcus Johansson and loses puck.
12:58 of 3rd period - Jeff Woywitka is hit by Kevin Hayes and loses puck.
13:01 of 3rd period - Slapshot by Jeff Woywitka.
13:01 of 3rd period - Shot Misses the Net.
14:10 of 3rd period - Derek Roy is hit by Kyle Wellwood and loses puck.
14:40 of 3rd period - Brian McGrattan is hit by Eric Gelinas.
14:50 of 3rd period - Nathan Beaulieu is hit by Tyler Myers and loses puck.
14:57 of 3rd period - Wrist shot by Benoit Pouliot.
14:57 of 3rd period - Goal by Benoit Pouliot - Jets : 4 - Flyers : 7.
14:58 of 3rd period - Devin Setoguchi wins face-off versus Jeff Carter in neutral zone.
15:37 of 3rd period - Snap shot by Kyle Wellwood.
15:37 of 3rd period - Shot Misses the Net.
15:57 of 3rd period - Wrist shot by Jaromir Jagr.
15:57 of 3rd period - Shot Misses the Net.
15:59 of 3rd period - Slapshot by Nathan Beaulieu.
15:59 of 3rd period - Stopped by Jonathan Bernier without a rebound.
16:00 of 3rd period - Derek Stepan wins face-off versus Jeff Carter in Jets zone.
16:13 of 3rd period - Slapshot by Brendan Smith.
16:13 of 3rd period - Stopped by Cory Schneider with a rebound.
16:15 of 3rd period - Slapshot by Benoit Pouliot.
16:15 of 3rd period - Stopped by Cory Schneider with a rebound.
16:17 of 3rd period - Wrist shot by Devin Setoguchi.
16:17 of 3rd period - Stopped by Cory Schneider with a rebound.
16:27 of 3rd period - Derek Roy is hit by Victor Bartley and loses puck.
16:40 of 3rd period - Slapshot by Mats Zuccarello.
16:40 of 3rd period - Stopped by Jonathan Bernier without a rebound.
16:41 of 3rd period - Marcus Kruger wins face-off versus Devin Setoguchi in Jets zone.
17:13 of 3rd period - Snap shot by Drew Miller.
17:13 of 3rd period - Shot Blocked by Brendan Smith.
17:15 of 3rd period - Snap shot by Jonathan Ericsson.
17:15 of 3rd period - Stopped by Jonathan Bernier without a rebound.
17:16 of 3rd period - Jeff Carter wins face-off versus Derek Stepan in Jets zone.
17:31 of 3rd period - Snap shot by Jakub Voracek.
17:31 of 3rd period - Shot Blocked by Eric Gelinas.
17:51 of 3rd period - Snap shot by Mats Zuccarello.
17:51 of 3rd period - Stopped by Jonathan Bernier without a rebound.
17:52 of 3rd period - Jeff Carter wins face-off versus Derek Roy in Jets zone.
18:19 of 3rd period - Marcus Kruger is hit by Derek Stepan and loses puck.
18:24 of 3rd period - Wrist shot by Derek Stepan.
18:24 of 3rd period - Shot Misses the Net.
18:31 of 3rd period - Minor Penalty to Jacob Trouba for Cross-checking.
18:32 of 3rd period - Kyle Wellwood wins face-off versus Erik Haula in Jets zone.
18:40 of 3rd period - Slapshot by Kyle Wellwood.
18:40 of 3rd period - Stopped by Jonathan Bernier with a rebound.
Goals for this period are 2 for Jets vs 2 for Flyers.
Shots for this period are 9 for Jets vs 10 for Flyers.
Back to the Top